Map: Acid Plant LE

Players

sOs - Winner!

  • Race: Protoss Protoss
  • Spawn Location: 5:00

Elazer

  • Race: Zerg Zerg
  • Spawn Location: 11:00

Event: IEM Season 12 - Katowice

VOD

Have the link to the VOD?

Description

Time

  • Played on: March 2, 2018, 2:20 p.m.
  • Length: 6:44

All games in this series

Show
View Real Time Build Order
Export as new Build Order

sOs Protoss - Winner!

Build Orders: 1 Gate Expand, Oracle Opening, Phoenix Opening 

Get SALT Encoding   

  12  0:00  Probe  
  13  0:12  Probe  
  14  0:20  Pylon  
  14  0:24  Probe  
  15  0:38  Probe (Chrono Boost)  
  16  0:45  Gateway  
  16  0:48  Probe (Chrono Boost)  
  16  0:49  Assimilator  
  17  0:53  Probe (Chrono Boost)  
  18  1:04  Probe  
  19  1:16  Probe  
  20  1:27  Nexus  
  20  1:36  Cybernetics Core  
  20  1:40  Probe  
  20  1:46  Assimilator  
  21  1:52  Probe  
  22  1:55  Pylon  
  22  2:04  Probe  
  23  2:11  Adept (Chrono Boost)  
  25  2:16  Probe  
  25  2:20  Stargate  
  26  2:28  Probe  
  26  2:29  Adept (Chrono Boost)  
  27  2:33  Warp Gate  
  29  2:39  Probe  
  29  2:40  Probe  
  31  2:48  Adept  
  33  2:54  Probe x2  
  35  3:03  Oracle (Chrono Boost)  
  35  3:09  Probe x2  
  40  3:15  Gateway  
  40  3:32  Phoenix (Chrono Boost)  
  38  3:35  Probe x2, Adept  
  38  3:39  Assimilator  
  38  3:41  Assimilator  
  42  3:47  Shield Battery  
  42  3:48  Probe x2  
  42  3:49  Pylon  
  44  4:00  Probe  
  44  4:01  Probe  
  46  4:07  Oracle  
  46  4:09  Pylon  
  49  4:12  Probe  
  49  4:13  Probe  
  51  4:19  Stargate  
  51  4:25  Probe (Chrono Boost)  
  51  4:29  Probe (Chrono Boost)  
  51  4:31  Pylon  
  53  4:36  Probe (Chrono Boost)  
  55  4:39  Probe (Chrono Boost)  
  55  4:40  Probe (Chrono Boost)  
  55  4:45  Pylon  
  56  4:47  Oracle (Chrono Boost)  
  56  4:49  Probe, Pylon  
  56  4:51  Probe  
  61  4:58  Zealot  
  61  4:59  Zealot  
  65  5:01  Probe  
  65  5:03  Probe  
  65  5:04  Pylon  
  70  5:12  Oracle (Chrono Boost)  
  70  5:20  Oracle (Chrono Boost)  
  73  5:26  Nexus  
  73  5:28  Pylon  
  73  5:32  Oracle (Chrono Boost)  
  76  5:43  Stalker  
  81  5:51  Probe x2  
  81  5:56  Shield Battery  
  83  5:57  Oracle (Chrono Boost)  
  83  5:59  Zealot  
  83  6:02  Void Ray (Chrono Boost)  
  89  6:20  Zealot x2  
  97  6:29  Probe x2  
Show
View Real Time Build Order
Export as new Build Order

Elazer Zerg 

Build Orders: Hatch First 

Get SALT Encoding   

  12  0:00  Drone  
  13  0:11  Overlord  
  13  0:16  Drone  
  14  0:30  Drone x2  
  16  0:47  Drone x2  
  18  0:57  Hatchery  
  18  0:58  Drone  
  18  1:01  Extractor  
  17  1:14  Spawning Pool  
  17  1:17  Drone  
  17  1:20  Drone  
  18  1:28  Drone  
  19  1:39  Overlord  
  19  1:53  Drone  
  20  2:00  Metabolic Boost  
  20  2:01  Queen  
  20  2:02  Zergling x2  
  23  2:09  Queen  
  23  2:10  Drone  
  23  2:14  Drone  
  27  2:20  Drone  
  28  2:23  Drone  
  29  2:30  Drone  
  30  2:37  Zergling x2  
  31  2:47  Hatchery  
  31  2:51  Queen  
  32  2:58  Zergling x4  
  34  3:02  Drone  
  34  3:05  Drone x2  
  36  3:09  Overlord  
  33  3:27  Drone x2  
  33  3:30  Drone x3  
  33  3:33  Spore Crawler  
  35  3:35  Drone  
  35  3:36  Drone  
  35  3:40  Drone x3  
  40  3:47  Overlord  
  40  3:48  Drone  
  41  3:58  Spore Crawler  
  41  3:59  Drone  
  41  4:01  Drone  
  41  4:02  Queen  
  42  4:05  Overlord  
  42  4:08  Drone  
  42  4:09  Drone x2  
  47  4:13  Drone  
  47  4:16  Drone x2  
  50  4:22  Overlord  
  50  4:23  Drone x2  
  51  4:32  Lair  
  51  4:33  Spore Crawler  
  51  4:36  Overlord  
  51  4:38  Drone, Extractor  
  50  4:39  Drone  
  50  4:42  Drone  
  50  4:43  Drone x2  
  53  4:45  Drone  
  53  4:49  Extractor  
  53  4:51  Roach Warren  
  52  4:53  Overlord  
  52  4:58  Drone x2  
  54  5:03  Overlord  
  54  5:04  Drone x2  
  56  5:08  Queen  
  56  5:12  Overlord  
  58  5:22  Overlord  
  58  5:31  Roach x7  
  72  5:40  Roach x2  
  78  5:50  Drone x7  
  78  5:53  Overlord  
  78  5:56  Roach  
  83  6:06  Drone x4  
  83  6:12  Drone  
  83  6:14  Drone x2  
  83  6:16  Drone  
  74  6:26  Drone  
  74  6:31  Drone  
  74  6:32  Drone x2  
  77  6:39  Hydralisk Den  

Tags
 
Add a new tag
Caveats
  • Supply blocks, unpowered buildings, or Contaminate may cause inaccurate times.
  • Supply counts are checked every 10 seconds.